 Dungeon Crawl Stone Soup version 0.31-a0-128-g25add195a6 (webtiles) character file.

Game seed: 5397417481645428251

18 Pericco the Insei (level 3, 0/28 HPs)
             Began as a Meteoran Transmuter on June 1, 2023.
             Succumbed to an adder's poison
             ... on level 2 of the Dungeon.
             The game lasted 00:10:34 (766 turns).

Pericco the Insei (Meteoran Transmuter)              Turns: 766, Time: 00:10:35

Health: 0/28       AC:  2    Str: 13    XL:     3   Next: 8%
Magic:  8/8        EV: 12    Int: 15    God:
Gold:   19         SH:  0    Dex: 14    Spells: 6/7 levels left

rFire   . .          .
                       - Unarmed
rCold   . . .        (no shield)
rNeg    . . .        a - +0 robe
rPois   .            (no helmet)
rElec   .            (no cloak)
rCorr   .            (no gloves)
SInv    .            (no boots)
Will    .....        (no amulet)
Stlth   +            (no ring)
HPRegen 0.24/turn    (no ring)
MPRegen 0.11/turn

%: no passive effects
@: lethally poisoned (0 -> -4), glowing
A: sense surroundings 1, otherworldly, glowing, explore regen
a: no special abilities


You were on level 2 of the Dungeon.
You visited 1 branch of the dungeon, and saw 2 of its levels.

You collected 19 gold pieces.

Inventory:

Hand Weapons
 f - a +0 dagger
Armour
 a - a +0 robe (worn)
 g - a +0 ring mail
 i - a +0 ring mail
Jewellery
 e - an amulet of the acrobat
Scrolls
 c - a scroll of identify
 d - a scroll of enchant armour
Potions
 b - a potion of lignification
 h - a potion of haste {unknown}


   Skills:
 + Level 1.1 Fighting
 + Level 2.6 Dodging
 + Level 4.3 Unarmed Combat
 + Level 2.9 Spellcasting
 + Level 2.5 Transmutations


You had 6 spell levels left.
You knew the following spells:

 Your Spells              Type           Power      Damage    Failure   Level
a - Beastly Appendage     Tmut           18%        N/A       7%          1

Your spell library contained the following spells:

 Spells                   Type           Power      Damage    Failure   Level
 Wereblood                Tmut           9%         N/A       11%         2
 Spider Form              Tmut/Pois      6%         N/A       34%         3
 Hailstorm                Conj/Ice       2%         3d3       52%         3
 Ice Form                 Ice/Tmut       6%         N/A       75%         4
 Simulacrum               Ice/Necr       1%         N/A       100%        6


Dungeon Overview and Level Annotations

Branches:
Dungeon (2/15) Zot: 438

Altars:

Shops:
D:1 *


Innate Abilities, Weirdness & Mutations

You passively map a small area around you.
You are easily found by Zot.
You glow in the dark.
You regain HP and MP as you explore.


Message History

You see here a scroll labelled TOFFOA HUNIMM.
You closely miss the rat. The bat hits you but does no damage.
The adder bites you but does no damage. The rat barely misses you.
The adder misses you.
You hit the adder. Your punch misses the adder.
The adder is moderately wounded.
The bat misses you. The rat bites you but does no damage. The adder bites you.
You are poisoned.
The adder poisons you!
You hit the adder but do no damage.
The adder is moderately wounded.
You feel sick. The bat closely misses you. The adder closely misses you.
The rat bites you.
You miss the adder.
The adder is moderately wounded.
You feel sick. The adder misses you. The rat bites you.
You closely miss the adder.
The adder is moderately wounded.
You feel sick. The bat hits you but does no damage.
The adder barely misses you. The rat bites you.
You closely miss the rat.
You feel sick. The bat hits you but does no damage. The adder bites you.
You are more poisoned.
The adder poisons you! The rat bites you.
* * * LOW HITPOINT WARNING * * *
You closely miss the rat.
* * * LOW HITPOINT WARNING * * *
You feel sick. The adder bites you but does no damage.
The adder barely misses you.
You hit the rat.
You kill the rat!
* * * LOW HITPOINT WARNING * * *
You feel sick. The bat hits you but does no damage.
The adder barely misses you.
* * * LOW HITPOINT WARNING * * *
You feel sick. The adder barely misses you. The bat hits you.
* * * LOW HITPOINT WARNING * * *
You hit the bat.
You kill the bat!
You die...

#......$...#
#..........#
#..........#
#..........#
#..........#
####..........#
#.............#
* *
*#..?.......#
#..@S....>.#
*#..........# ,
#..........# ,
#..........# ,
#######.#### ,
#.# #.# , , *


You could see an adder.

Vanquished Creatures
  2 ball pythons (D:1)
  4 bats
  2 endoplasms (D:1)
  A giant cockroach (D:2)
  A hobgoblin (D:1)
  A quokka (D:1)
  4 frilled lizards
  A kobold (D:1)
  3 rats
19 creatures vanquished.

Notes
Turn   | Place    | Note
-------+----------+-------------------------------------------
     0 | D:1      | Pericco the Meteoran Transmuter began the quest for the
                  | Orb.
     0 | D:1      | Reached XP level 1. HP: 16/16 MP: 5/5
   118 | D:1      | Found Puhudux's General Store.
   162 | D:1      | Reached XP level 2. HP: 21/23 MP: 6/6
   184 | D:1      | Reached skill level 4 in Unarmed Combat
   503 | D:1      | Glimpsed the power of Zot.
   553 | D:1      | Glimpsed the power of Zot.
   562 | D:2      | Reached XP level 3. HP: 28/28 MP: 8/8
   765 | D:2      | HP: 1/28 [bat (1)]
   766 | D:2      | Succumbed to an adder's poison

Illustrated notes

Levels and vault maps discovered:
D:1:      dpeg_arrival_renting, layout_basic, serial_shops,
          nicolae_shop_hallway_plus, minmay_tromino_i2
D:2:      layout_basic, uniq_jessica

Skill      XL: |  1  2 |
---------------+-------+-----
Unarmed Combat | 4 |  4.3
Fighting       | |  1.1
Dodging        | |  2.6
Spellcasting   | |  2.9
Transmutations | |  2.5

Action                     || total
---------------------------++-------
  Melee: Unarmed           ||    62
         Punch             ||     1
   Cast: Beastly Appendage ||     2
    Use: Scroll            ||     1
 Armour: Robe              ||    31
  Dodge: Dodged            ||    56

Table legend: (Time is in decaauts)
 A = Elapsed time spent in this place.
 B = Non-inter-level travel time spent in this place.
 C = Inter-level travel time spent in this place.
 D = Time resting spent in this place.
 E = Time spent auto-exploring this place.
 F = Levels seen in this place.
 G = Mean time per level.
                   A        B        C        D        E       F      G
               +--------+--------+--------+--------+--------+-----+--------+
         Total |    761 |    654 |    107 |      0 |      2 |   2 |  380.5 |
       Dungeon |    761 |    654 |    107 |      0 |      2 |   2 |  380.5 |
               +--------+--------+--------+--------+--------+-----+--------+

Top non-repeatable levels by time:
     D:1: 551 daAuts
     D:2: 209 daAuts
